MLB
WASHINGTON NATIONALS @ PHILADELPHIA PHILLIES
08/22/2045
 
TOP OF THE 1ST
Washington Nationals batting - Pitching for Philadelphia Phillies : RHP Robby Benchio
Pitching: RHP Robby Benchio
Batting: LHB R.J. O'Brien 0-0: Called Strike
0-1: Ball
1-1: SINGLE (Line Drive, 7S, EV 100.6 MPH)
Batting: RHB C.J. Beavers 0-0: Called Strike
0-1: Ball
1-1: Ball
2-1: Foul Ball, location: 2F
2-2: Strikes out swinging
Batting: SHB Junzo Kato 0-0: Foul Ball, location: 2F
0-1: Ball
1-1: Called Strike
1-2: Foul Ball, location: 2F
1-2: Ball
R.J. O'Brien steals 2nd base
2-2: Foul Ball, location: 2F
2-2: Ground out 5-3 (Groundball, 56D, EV 100.0 MPH)
Batting: LHB Seth Cook 0-0: Ball
1-0: Ball
2-0: Foul Ball, location: 2F
2-1: Ball
3-1: Foul Ball, location: 2F
3-2: Base on Balls
Batting: RHB Luis Torres 0-0: DOUBLE (Groundball, 5L, EV 99.4 MPH)
R.J. O'Brien scores
Seth Cook to third
Runner from 3rd tries for Home, SAFE, throw by LF to home
Batting: LHB Armando Carbajal 0-0: Called Strike
0-1: Ball
1-1: Ball
2-1: Ground out 6-3 (Groundball, 6M, EV 107.5 MPH)
Top of the 1st over - 2 runs, 2 hits, 0 errors, 1 left on base; Washington 2 - Philadelphia 0
BOTTOM OF THE 1ST
Philadelphia Phillies batting - Pitching for Washington Nationals : LHP Tim Wybenga
Pitching: LHP Tim Wybenga
Batting: SHB Billy Encinias 0-0: Ball
1-0: Ball
2-0: Foul Ball, location: 2F
2-1: Foul Ball, location: 2F
2-2: Strikes out looking
Batting: RHB Raul de la Cruz 0-0: Called Strike
0-1: Called Strike
0-2: Strikes out swinging
Batting: RHB Josh Froyd 0-0: Ball
1-0: Swinging Strike
1-1: Swinging Strike
1-2: Strikes out swinging
Bottom of the 1st over - 0 runs, 0 hits, 0 errors, 0 left on base; Washington 2 - Philadelphia 0
TOP OF THE 2ND
Washington Nationals batting - Pitching for Philadelphia Phillies : RHP Robby Benchio
Batting: RHB Nick Esteves 0-0: Ball
1-0: Ball
2-0: Swinging Strike
2-1: Foul Ball, location: 2F
2-2: SINGLE (Flyball, 7LS, EV 92.5 MPH)
Batting: RHB John Sanders 0-0: Sac Bunt to 5S - play at first, batter OUT! 5-3
Nick Esteves to second
Batting: LHB Sidney Pedder 0-0: Ball
1-0: Ball
2-0: Fly out, F7 (Flyball, 7LM, EV 100.6 MPH)
Batting: LHB R.J. O'Brien 0-0: Ground out 2-3 (Groundball, 2L, EV 70.0 MPH)
Top of the 2nd over - 0 runs, 1 hit, 0 errors, 1 left on base; Washington 2 - Philadelphia 0
BOTTOM OF THE 2ND
Philadelphia Phillies batting - Pitching for Washington Nationals : LHP Tim Wybenga
Batting: LHB Eric Katz 0-0: Foul Ball, location: 2F
0-1: Foul Ball, location: 2F
0-2: Ball
1-2: Ball
2-2: Ball
3-2: Strikes out looking
Batting: RHB Melchor Sovrivilla 0-0: Called Strike
0-1: Swinging Strike
0-2: Strikes out swinging
Batting: LHB Alberto Figueroa 0-0: Called Strike
0-1: Ball
1-1: Ball
2-1: Foul Ball, location: 2F
2-2: SOLO HOME RUN (Line Drive, 7D, EV 99.4 MPH), Distance : 398 ft
Batting: RHB Chef Belew 0-0: Called Strike
0-1: Swinging Strike
0-2: Strikes out swinging
Bottom of the 2nd over - 1 run, 1 hit, 0 errors, 0 left on base; Washington 2 - Philadelphia 1
TOP OF THE 3RD
Washington Nationals batting - Pitching for Philadelphia Phillies : RHP Robby Benchio
Batting: RHB C.J. Beavers 0-0: Ball
1-0: Ball
2-0: Called Strike
2-1: Foul Ball, location: 2F
2-2: Fly out, F5 (Popup, 56S, EV 88.8 MPH)
Batting: SHB Junzo Kato 0-0: Ball
1-0: Ball
2-0: Called Strike
2-1: Called Strike
2-2: Strikes out looking
Batting: LHB Seth Cook 0-0: Called Strike
0-1: Swinging Strike
0-2: Foul Ball, location: 2F
0-2: Ball
1-2: Strikes out swinging
Top of the 3rd over - 0 runs, 0 hits, 0 errors, 0 left on base; Washington 2 - Philadelphia 1
BOTTOM OF THE 3RD
Philadelphia Phillies batting - Pitching for Washington Nationals : LHP Tim Wybenga
Batting: RHB Matt Sanders 0-0: Ball
1-0: SINGLE (Groundball, 56D, EV 95.0 MPH)
Batting: RHB Julian Nijhuis 0-0: Called Strike
0-1: Ball
1-1: Called Strike
1-2: Foul Ball, location: 2F
1-2: Ball
2-2: Strikes out swinging
Batting: SHB Billy Encinias 0-0: Ball
1-0: Ball
2-0: Grounds into double play, 6-4-3 (Groundball, 6, EV 85.6 MPH)
Bottom of the 3rd over - 0 runs, 1 hit, 0 errors, 0 left on base; Washington 2 - Philadelphia 1
TOP OF THE 4TH
Washington Nationals batting - Pitching for Philadelphia Phillies : RHP Robby Benchio
Batting: RHB Luis Torres 0-0: Swinging Strike
0-1: Called Strike
0-2: Ball
1-2: Strikes out swinging
Batting: LHB Armando Carbajal 0-0: Foul Ball, location: 2F
0-1: Swinging Strike
0-2: Foul Ball, location: 2F
0-2: Foul Ball, location: 2F
0-2: Ball
1-2: Ground out 6-3 (Groundball, 6M, EV 82.5 MPH)
Batting: RHB Nick Esteves 0-0: DOUBLE (Line Drive, 89XD, EV 105.0 MPH)
Batting: RHB John Sanders 0-0: Called Strike
0-1: Ball
1-1: Foul Ball, location: 2F
1-2: Strikes out swinging
Top of the 4th over - 0 runs, 1 hit, 0 errors, 1 left on base; Washington 2 - Philadelphia 1
BOTTOM OF THE 4TH
Philadelphia Phillies batting - Pitching for Washington Nationals : LHP Tim Wybenga
Batting: RHB Raul de la Cruz 0-0: Called Strike
0-1: Ball
1-1: Called Strike
1-2: Ball
2-2: SOLO HOME RUN (Flyball, 7D, EV 97.5 MPH), Distance : 365 ft
Batting: RHB Josh Froyd 0-0: Ball
1-0: Called Strike
1-1: Ball
2-1: Swinging Strike
2-2: DOUBLE (Line Drive, 9LM, EV 113.1 MPH)
Batting: LHB Eric Katz 0-0: Swinging Strike
0-1: Ball
1-1: Ball
2-1: Ball
3-1: Fly out, F8 (Flyball, 8LM, EV 76.2 MPH)
Batting: RHB Melchor Sovrivilla 0-0: Called Strike
0-1: Called Strike
0-2: Strikes out swinging
Batting: LHB Alberto Figueroa 0-0: Called Strike
0-1: Ball
1-1: Ground out U3 (Groundball, 3L, EV 88.1 MPH)
Bottom of the 4th over - 1 run, 2 hits, 0 errors, 1 left on base; Washington 2 - Philadelphia 2
TOP OF THE 5TH
Washington Nationals batting - Pitching for Philadelphia Phillies : RHP Robby Benchio
Batting: LHB Sidney Pedder 0-0: Ball
1-0: Foul Ball, location: 2F
1-1: Ball
2-1: Foul Ball, location: 2F
2-2: Ball
3-2: DOUBLE (Line Drive, 7LD, EV 105.0 MPH)
Batting: LHB R.J. O'Brien 0-0: Ball
1-0: Ball
2-0: Ground out 5-3 (Groundball, 56, EV 86.9 MPH)
Batting: RHB C.J. Beavers 0-0: Called Strike
0-1: Called Strike
0-2: SINGLE (Line Drive, 56D, EV 96.9 MPH)
Sidney Pedder to third
Batting: SHB Junzo Kato 0-0: Ball
1-0: Grounds into double play, 4-6-3 (Groundball, 4, EV 92.5 MPH)
Top of the 5th over - 0 runs, 2 hits, 0 errors, 1 left on base; Washington 2 - Philadelphia 2
BOTTOM OF THE 5TH
Philadelphia Phillies batting - Pitching for Washington Nationals : LHP Tim Wybenga
Batting: RHB Chef Belew 0-0: Ball
1-0: SOLO HOME RUN (Flyball, 89XD, EV 97.5 MPH), Distance : 404 ft
Batting: RHB Matt Sanders 0-0: Called Strike
0-1: Ball
1-1: Swinging Strike
1-2: Ground out 6-3 (Groundball, 6, EV 80.0 MPH)
Batting: RHB Julian Nijhuis 0-0: Called Strike
0-1: Ground out 3-1 (Groundball, 34S, EV 85.0 MPH)
Batting: SHB Billy Encinias 0-0: Foul Ball, location: 2F
0-1: Ball
1-1: Ball
2-1: Swinging Strike
2-2: Ball
3-2: Strikes out swinging
Bottom of the 5th over - 1 run, 1 hit, 0 errors, 0 left on base; Washington 2 - Philadelphia 3
TOP OF THE 6TH
Washington Nationals batting - Pitching for Philadelphia Phillies : RHP Robby Benchio
Batting: LHB Seth Cook 0-0: Ball
1-0: SOLO HOME RUN (Flyball, 9LD, EV 94.4 MPH), Distance : 365 ft
Batting: RHB Luis Torres 0-0: Called Strike
0-1: Ball
1-1: Ball
2-1: Ground out 6-3 (Groundball, 6, EV 90.0 MPH)
Batting: LHB Armando Carbajal 0-0: Ball
1-0: Ball
2-0: Ball
3-0: Called Strike
3-1: Base on Balls
Batting: RHB Nick Esteves 0-0: Foul Ball, location: 2F
0-1: SINGLE (Groundball, 6MD, EV 101.9 MPH)
Armando Carbajal to second
Runner from 2nd tries for 3rd, SAFE, throw by CF made to third
Nick Esteves to second
Batting: RHB John Sanders 0-0: Ball
1-0: Foul Ball, location: 2F
1-1: Ball
2-1: Ball
3-1: Foul Ball, location: 2F
3-2: Foul Ball, location: 2F
3-2: Strikes out swinging
Pitching: RHP Brandon Tuckson
Batting: LHB Sidney Pedder 0-0: Ball
1-0: Fly out, F8 (Flyball, 8RXD, EV 81.9 MPH)
Top of the 6th over - 1 run, 2 hits, 0 errors, 2 left on base; Washington 3 - Philadelphia 3
BOTTOM OF THE 6TH
Philadelphia Phillies batting - Pitching for Washington Nationals : LHP Tim Wybenga
Batting: RHB Raul de la Cruz 0-0: Ball
1-0: Called Strike
1-1: Called Strike
1-2: SINGLE (Line Drive, 34, EV 103.8 MPH)
Batting: RHB Josh Froyd 0-0: Called Strike
0-1: Fly out, F9 (Flyball, 9LS, EV 98.1 MPH)
Batting: LHB Eric Katz 0-0: Ball
1-0: Grounds into double play, 1-6-3 (Groundball, 23, EV 67.5 MPH)
Bottom of the 6th over - 0 runs, 1 hit, 0 errors, 0 left on base; Washington 3 - Philadelphia 3
TOP OF THE 7TH
Washington Nationals batting - Pitching for Philadelphia Phillies : RHP Brandon Tuckson
Batting: LHB R.J. O'Brien 0-0: Ball
1-0: Fly out, F7 (Flyball, 7S, EV 95.0 MPH)
Batting: RHB C.J. Beavers 0-0: Called Strike
0-1: Ball
1-1: Swinging Strike
1-2: Ball
2-2: Ball
3-2: SINGLE (Groundball, 56S, EV 68.8 MPH) (infield hit)
Batting: SHB Junzo Kato 0-0: Called Strike
0-1: Ball
1-1: Fly out, F3 (Popup, 34S, EV 85.6 MPH)
Batting: LHB Seth Cook 0-0: Ball
1-0: Ball
2-0: Called Strike
C.J. Beavers steals 2nd base
2-1: Foul Ball, location: 2F
2-2: Ground out 6-3 (Groundball, 6, EV 79.4 MPH)
Top of the 7th over - 0 runs, 1 hit, 0 errors, 1 left on base; Washington 3 - Philadelphia 3
BOTTOM OF THE 7TH
Philadelphia Phillies batting - Pitching for Washington Nationals : LHP Tim Wybenga
Batting: RHB Melchor Sovrivilla 0-0: Called Strike
0-1: Ball
1-1: Ball
2-1: SOLO HOME RUN (Flyball, 7D, EV 93.8 MPH), Distance : 370 ft
Batting: LHB Alberto Figueroa 0-0: Swinging Strike
0-1: Called Strike
0-2: Ball
1-2: Foul Ball, location: 2F
1-2: Ball
2-2: Foul Ball, location: 2F
2-2: Foul Ball, location: 2F
2-2: Ball
3-2: Strikes out swinging
Batting: RHB Chef Belew 0-0: Ball
1-0: Called Strike
1-1: Ball
2-1: Called Strike
2-2: Foul Ball, location: 2F
2-2: Fly out, F9 (Flyball, 9LS, EV 99.4 MPH)
Batting: RHB Matt Sanders 0-0: Swinging Strike
0-1: Called Strike
0-2: Ball
1-2: Ball
2-2: Ball
3-2: Strikes out swinging
Bottom of the 7th over - 1 run, 1 hit, 0 errors, 0 left on base; Washington 3 - Philadelphia 4
TOP OF THE 8TH
Washington Nationals batting - Pitching for Philadelphia Phillies : RHP Brandon Tuckson
Batting: RHB Luis Torres 0-0: Ball
1-0: Ball
2-0: Called Strike
2-1: Swinging Strike
2-2: Ball
3-2: Fly out, F9 (Line Drive, 89M, EV 112.5 MPH)
Batting: LHB Armando Carbajal 0-0: Ball
1-0: SINGLE (Groundball, 6S, EV 69.4 MPH) (infield hit)
Batting: RHB Nick Esteves 0-0: Foul Ball, location: 2F
0-1: Fly out, F8 (Flyball, 8LS, EV 86.2 MPH)
Batting: RHB John Sanders 0-0: Ball
1-0: Swinging Strike
1-1: Foul Ball, location: 2F
1-2: Foul Ball, location: 2F
1-2: Ball
2-2: Foul Ball, location: 2F
2-2: Ball
3-2: Foul Ball, location: 2F
3-2: Base on Balls
Armando Carbajal to second
Pinch Runner at 2nd Masashi Yukizawa:
Batting: LHB Sidney Pedder 0-0: Called Strike
0-1: Fly out, F6 (Line Drive, 6, EV 63.8 MPH)
Top of the 8th over - 0 runs, 1 hit, 0 errors, 2 left on base; Washington 3 - Philadelphia 4
BOTTOM OF THE 8TH
Philadelphia Phillies batting - Pitching for Washington Nationals : LHP Tim Wybenga
Batting: RHB Julian Nijhuis 0-0: Ball
1-0: Ball
2-0: Swinging Strike
2-1: Ball
3-1: Base on Balls
Pitching: LHP Keith Pratt
Batting: SHB Billy Encinias 0-0: Ball
1-0: Ball
2-0: Called Strike
2-1: Foul Ball, location: 2F
2-2: Foul Ball, location: 2F
2-2: Ball
3-2: Fly out, F6 (Popup, 6M, EV 54.4 MPH)
Batting: RHB Raul de la Cruz 0-0: Ball
1-0: Ball
2-0: Ball
3-0: Grounds into double play, 6-4-3 (Groundball, 6M, EV 106.9 MPH)
Bottom of the 8th over - 0 runs, 0 hits, 0 errors, 0 left on base; Washington 3 - Philadelphia 4
TOP OF THE 9TH
Washington Nationals batting - Pitching for Philadelphia Phillies : RHP Brandon Tuckson
Pitching: RHP Justin Howard
Batting: LHB R.J. O'Brien 0-0: Ball
1-0: Swinging Strike
1-1: Foul Ball, location: 2F
1-2: SINGLE (Line Drive, 6D, EV 100.0 MPH)
Batting: RHB C.J. Beavers 0-0: Ball
1-0: Bunted foul
1-1: Ball
2-1: Ball
3-1: Sac Bunt to 15S - play at first, batter OUT! 1-4
R.J. O'Brien to second
Batting: SHB Junzo Kato 0-0: Called Strike
0-1: Swinging Strike
0-2: Ball
1-2: Fly out, F8 (Flyball, 8RS, EV 88.8 MPH)
Batting: LHB Seth Cook 0-0: Ball
1-0: Ball
Wild Pitch!
R.J. O'Brien to third
2-0: Ball
3-0: Base on Balls
Batting: RHB Luis Torres 0-0: Foul Ball, location: 2F
0-1: Ball
1-1: SINGLE (Line Drive, 89S, EV 104.4 MPH)
R.J. O'Brien scores
Seth Cook to second
Batting: RHB Masashi Yukizawa 0-0: Swinging Strike
0-1: Swinging Strike
0-2: Ball
Passed Ball!
Seth Cook to third
Luis Torres to second
1-2: Strikes out swinging
Top of the 9th over - 1 run, 2 hits, 0 errors, 2 left on base; Washington 4 - Philadelphia 4
BOTTOM OF THE 9TH
Philadelphia Phillies batting - Pitching for Washington Nationals : LHP Keith Pratt
Batting: RHB Josh Froyd 0-0: Called Strike
0-1: Swinging Strike
0-2: Strikes out swinging, 2-3 out at first.
Batting: LHB Eric Katz 0-0: Swinging Strike
0-1: Foul Ball, location: 2F
0-2: Ball
1-2: Foul Ball, location: 2F
1-2: Ball
2-2: Foul Ball, location: 2F
2-2: Strikes out swinging
Batting: RHB Melchor Sovrivilla 0-0: Called Strike
0-1: Swinging Strike
0-2: Ground out 2-3 (Groundball, 2R, EV 65.6 MPH)
Bottom of the 9th over - 0 runs, 0 hits, 0 errors, 0 left on base; Washington 4 - Philadelphia 4
TOP OF THE 10TH
Washington Nationals batting - Pitching for Philadelphia Phillies : RHP Justin Howard
Pitching: RHP Rico Romero
Batting: RHB Nick Esteves 0-0: Ground out 4-3 (Groundball, 4M, EV 107.5 MPH)
Batting: RHB John Sanders 0-0: Ball
1-0: Reached via error on a dropped throw from 1B, E1 (Groundball, 3D, EV 85.0 MPH)
Batting: LHB Sidney Pedder 0-0: Called Strike
0-1: Ball
1-1: Swinging Strike
1-2: Ground out U3 (Groundball, 34, EV 83.8 MPH)
John Sanders to second
Batting: LHB R.J. O'Brien 0-0: Ball
1-0: Called Strike
1-1: Ball
2-1: Ground out 6-3 (Groundball, 6, EV 92.5 MPH)
Top of the 10th over - 0 runs, 0 hits, 1 error, 1 left on base; Washington 4 - Philadelphia 4
BOTTOM OF THE 10TH
Philadelphia Phillies batting - Pitching for Washington Nationals : LHP Keith Pratt
Pitching: LHP Chris Baran
Pinch Hitting: RHB Quintin Parker 0-0: Foul Ball, location: 2F
0-1: Ball
1-1: Ground out 4-3 (Groundball, 4, EV 83.1 MPH)
Batting: RHB Chef Belew 0-0: Called Strike
0-1: Ball
1-1: Called Strike
1-2: Ball
2-2: Foul Ball, location: 2F
2-2: Strikes out swinging
Batting: RHB Matt Sanders 0-0: Foul Ball, location: 2F
0-1: Swinging Strike
0-2: Ball
1-2: Ground out 6-3 (Groundball, 6, EV 83.8 MPH)
Bottom of the 10th over - 0 runs, 0 hits, 0 errors, 0 left on base; Washington 4 - Philadelphia 4
TOP OF THE 11TH
Washington Nationals batting - Pitching for Philadelphia Phillies : RHP Rico Romero
Now in LF: Jeff Luvisi
Batting: RHB C.J. Beavers 0-0: Ball
1-0: Foul Ball, location: 2F
1-1: Swinging Strike
1-2: Fly out, F9 (Flyball, 89M, EV 91.2 MPH)
Batting: SHB Junzo Kato 0-0: SOLO HOME RUN (Line Drive, 9LD, EV 100.0 MPH), Distance : 372 ft
Batting: LHB Seth Cook 0-0: Ball
1-0: Fly out, F8 (Flyball, 8LXD, EV 91.2 MPH)
Batting: RHB Luis Torres 0-0: Ball
1-0: Ball
2-0: Ball
3-0: Called Strike
3-1: Swinging Strike
3-2: SINGLE (Line Drive, 8LS, EV 103.8 MPH)
Batting: RHB Masashi Yukizawa 0-0: Ball
Balk!
Luis Torres to second
1-0: 2-RUN HOME RUN (Flyball, 7D, EV 95.6 MPH), Distance : 366 ft
Batting: RHB Nick Esteves 0-0: Ball
1-0: Fly out, F7 (Flyball, 7, EV 81.2 MPH)
Top of the 11th over - 3 runs, 3 hits, 0 errors, 0 left on base; Washington 7 - Philadelphia 4
BOTTOM OF THE 11TH
Philadelphia Phillies batting - Pitching for Washington Nationals : LHP Chris Baran
Now in RF: Luis Ramos
Batting: RHB Julian Nijhuis 0-0: Ball
1-0: SINGLE (Groundball, 6MD, EV 94.4 MPH)
Batting: SHB Billy Encinias 0-0: Ball
1-0: Called Strike
1-1: Swinging Strike
1-2: Foul Ball, location: 2F
1-2: Foul Ball, location: 2F
1-2: Ball
2-2: Foul Ball, location: 2F
2-2: Strikes out swinging
Batting: RHB Raul de la Cruz 0-0: Ball
1-0: Called Strike
1-1: Ball
2-1: Foul Ball, location: 2F
2-2: Foul Ball, location: 2F
2-2: Strikes out swinging
Batting: RHB Josh Froyd 0-0: Ball
1-0: Foul Ball, location: 2F
1-1: Ball
2-1: Foul Ball, location: 2F
2-2: Strikes out swinging
Bottom of the 11th over - 0 runs, 1 hit, 0 errors, 1 left on base; Washington 7 - Philadelphia 4
Wednesday, June 22nd , 2022 - OOTP Baseball 23.4 Build 64